Map: Orbital Shipyard

Players

Hubschraubär

  • Race: Zerg Zerg
  • League: Master

Miszu - Winner!

  • Race: Terran Terran
  • League: Master

VOD

Have the link to the VOD?

Description

Time

  • Played on: March 7, 2016, 6:04 p.m.
  • Length: 8:25
Show
View Real Time Build Order
Export as new Build Order

Hubschraubär Zerg 

Build Orders: Hatch First 

Get SALT Encoding   

  12  0:01  Drone  
  13  0:12  Overlord  
  13  0:17  Drone  
  14  0:26  Extractor  
  13  0:29  Drone  
  13  0:32  Drone  
  16  0:37  Drone  
  17  0:54  Hatchery  
  17  0:57  Drone  
  17  1:10  Spawning Pool  
  16  1:14  Extractor  
  16  1:17  Drone  
  16  1:30  Drone x2  
  16  1:31  Drone  
  19  1:51  Drone  
  20  1:56  Overlord  
  20  1:57  Queen  
  22  2:06  Queen  
  22  2:07  Zergling x2  
  22  2:08  Zergling x2  
  26  2:16  Drone  
  26  2:19  Drone  
  26  2:21  Metabolic Boost  
  28  2:26  Drone  
  28  2:29  Drone  
  30  2:33  Queen  
  32  2:43  Zergling x4  
  34  2:49  Zergling x2  
  35  2:56  Drone  
  36  2:59  Overlord  
  36  3:07  Lair  
  36  3:08  Extractor  
  34  3:25  Drone x8  
  41  3:34  Drone x2  
  43  3:39  Drone  
  43  3:58  Roach Warren, Drone x2  
  43  3:59  Overlord x2  
  44  4:06  Overlord  
  44  4:13  Extractor  
  44  4:17  Drone  
  44  4:30  Extractor, Drone x6  
  49  4:37  Zergling x2  
  49  4:38  Zergling x4  
  52  4:49  Roach x4  
  59  5:04  Glial Reconstitution  
  59  5:06  Spire  
  58  5:07  Drone x2  
  58  5:08  Drone x2  
  62  5:17  Hatchery  
  62  5:21  Drone x6  
  67  5:29  Evolution Chamber  
  67  5:31  Evolution Chamber  
  67  5:34  Overlord  
  65  5:37  Overlord  
  65  5:38  Drone x2  
  67  5:58  Zerg Melee Weapons Level 1, Zerg Ground Armor Level 1  
  67  6:02  Infestation Pit, Drone x6  
  72  6:16  Drone x6  
  78  6:20  Overlord x2  
  78  6:30  Mutalisk x3  
  84  6:39  Extractor  
  83  6:40  Extractor  
  83  6:43  Roach x2  
  83  6:44  Roach  
  88  7:00  Mutalisk x2  
  92  7:07  Hive  
  92  7:15  Overlord x3  
  91  7:16  Overlord x2  
  91  7:19  Overlord  
  91  7:25  Baneling Nest  
  85  7:42  Roach  
  85  7:43  Roach x15  
  97  7:48  Overlord  
  89  7:54  Roach x2  
Show
View Real Time Build Order
Export as new Build Order

Miszu Terran - Winner!

Build Orders: MMM Bio 

Get SALT Encoding   

  12  0:01  SCV  
  13  0:13  SCV  
  14  0:17  Supply Depot  
  14  0:25  SCV  
  15  0:40  Barracks, SCV  
  16  0:45  Refinery  
  16  0:52  SCV  
  17  1:05  SCV  
  18  1:17  SCV  
  19  1:29  Orbital Command  
  19  1:30  Barracks Reactor  
  19  1:40  Command Center  
  19  1:53  Supply Depot  
  19  1:54  SCV  
  20  2:06  Reaper x2  
  20  2:08  SCV  
  23  2:20  SCV  
  24  2:28  Command Center  
  24  2:32  SCV  
  25  2:40  Reaper  
  25  2:41  Reaper  
  27  2:44  SCV  
  28  2:52  Orbital Command  
  28  2:56  SCV  
  29  3:09  SCV  
  30  3:19  Reaper x2  
  32  3:26  SCV  
  33  3:29  SCV  
  33  3:32  Refinery, Barracks  
  33  3:33  Barracks  
  34  3:38  SCV  
  34  3:41  SCV, Orbital Command  
  36  3:50  SCV  
  36  3:53  SCV  
  38  3:55  Marine x2  
  38  4:00  Factory  
  38  4:02  SCV  
  41  4:03  Refinery x2  
  41  4:05  SCV  
  41  4:07  SCV  
  43  4:13  Marine x2  
  43  4:14  SCV  
  46  4:17  SCV  
  46  4:19  SCV  
  49  4:26  Barracks Tech Lab, SCV  
  49  4:27  Barracks Tech Lab  
  49  4:29  SCV  
  49  4:31  Marine, SCV  
  49  4:33  Engineering Bay x2, Marine  
  52  4:38  SCV  
  52  4:41  SCV  
  52  4:43  SCV  
  55  4:49  Marine x2  
  55  4:50  SCV  
  55  4:51  Marine  
  55  4:52  Stimpack, Orbital Command  
  60  4:53  Starport, SCV  
  60  4:55  Factory Reactor  
  60  5:03  Combat Shields  
  60  5:04  Supply Depot  
  61  5:12  Supply Depot  
  61  5:14  Supply Depot, Marine, SCV x2  
  61  5:16  Supply Depot  
  61  5:19  SCV  
  64  5:21  Marine  
  64  5:22  Marine  
  64  5:24  Marine  
  64  5:26  SCV x2  
  64  5:27  Terran Infantry Weapons Level 1, Terran Infantry Armor Level 1  
  69  5:31  SCV  
  70  5:36  Supply Depot  
  70  5:37  Marine  
  70  5:39  Marine  
  70  5:41  Marine, SCV  
  70  5:42  SCV  
  75  5:43  Factory Tech Lab, SCV  
  75  5:48  Medivac x2  
  80  5:53  SCV  
  80  5:54  SCV  
  80  5:55  Supply Depot, SCV  
  83  5:59  Supply Depot  
  83  6:03  Marine x2  
  83  6:04  Marine x2  
  85  6:05  SCV  
  85  6:07  SCV  
  85  6:08  SCV  
  85  6:11  Missile Turret  
  90  6:14  Missile Turret  
  90  6:17  SCV, Missile Turret  
  91  6:20  Armory  
  91  6:21  Marine  
  91  6:22  SCV  
  93  6:29  Marine x2  
  93  6:30  Marine  
  96  6:36  Barracks  
  96  6:37  Barracks  
  96  6:38  SCV  
  96  6:39  Marine, SCV x2  
  100  6:44  Supply Depot  
  100  6:47  Supply Depot, Marine, Factory Reactor  
  100  6:48  Supply Depot  
  100  6:49  Refinery, Marine  
  100  6:50  Marine  
  100  6:51  SCV x2  
  105  6:56  Marine  
  105  6:57  Medivac  
  108  7:05  Marine  
  108  7:07  Supply Depot, Marine  
  108  7:08  Marine  
  111  7:14  Marine  
  112  7:15  Medivac  
  112  7:22  Supply Depot  
  114  7:23  Supply Depot, Marine  
  114  7:24  Widow Mine x2  
  114  7:25  Marine x2  
  114  7:26  Barracks Reactor x2  
  114  7:29  Medivac  
  123  7:32  Marine  
  123  7:40  Marine  
  123  7:43  Marine x2  
  119  7:45  Medivac  
  119  7:50  Marine  
  122  7:54  Hellion  
  124  7:58  Marine  
  124  7:59  Barracks  
  124  8:00  Marine, Barracks x2  
  124  8:01  Marine  
  124  8:05  Marine x3  
  127  8:06  Marine  
Tags
 
Add a new tag
Caveats
  • Supply blocks, unpowered buildings, or Contaminate may cause inaccurate times.
  • Supply counts are checked every 10 seconds.